 Dungeon Crawl Stone Soup version 0.27.0 (webtiles) character file.

Game seed: 5377083547870026135

13911 inmateoo the Basher (level 12, -11/78 HPs)
             Began as a Gargoyle Fighter on July 30, 2021.
             Was an Elder of Okawaru.
             Mangled by an elephant simulacrum (23 damage)
             ... in an ice cave.
             The game lasted 00:12:03 (8367 turns).

inmateoo the Basher (Gargoyle Fighter)              Turns: 8367, Time: 00:12:04

Health: -11/78     AC: 23    Str: 25    XL:     12   Next: 11%
Magic:  16/16      EV:  8    Int: 12    God:    Okawaru [****..]
Gold:   1097       SH: 10    Dex: 13    Spells: 11/11 levels left

rFire    . . .     SeeInvis .   w - +4 morningstar (venom)
rCold    . . .     Faith    .   c - +0 kite shield
rNeg     + + .     Spirit   .   f - +0 chain mail
rPois    ∞         Reflect  .   (no helmet)
rElec    +         Harm     .   b - +1 cloak
rCorr    .         Rampage  .   g - +0 pair of gloves
Will     +....                  p - +0 pair of boots
Stlth    ..........             h - amulet "Jankyh" {rN+ Regen+ Str+2 Int-5 Dex+4}
HPRegen  1.23/turn              i - ring of willpower
MPRegen  0.15/turn              a - +6 ring of intelligence

@: no status effects
A: sickness immunity, AC +8, negative energy resistance 1, electricity
resistance, torment resistance 1, petrification resistance
a: Renounce Religion, Heroism


You were in an ice cave.
You worshipped Okawaru.
Okawaru was greatly pleased with you.
You visited 2 branches of the dungeon, and saw 12 of its levels.
You also visited: Ice Cave.

You collected 1848 gold pieces.
You spent 751 gold pieces at shops.

Inventory:

Hand Weapons
 w - a +4 morningstar of venom (weapon)
Armour
 b - a +1 cloak (worn)
 c - a +0 kite shield (worn)
 f - a +0 chain mail (worn)
 g - a +0 pair of gloves (worn)
 p - a +0 pair of boots (worn)
Jewellery
 a - a +6 ring of intelligence (right hand)
 h - the amulet "Jankyh" (around neck) {rN+ Regen+ Str+2 Int-5 Dex+4}
   (You bought it in a shop on level 1 of the Dungeon)

   [amulet of regeneration]

   Str:       It affects your strength (+2).
   Int:       It affects your intelligence (-5).
   Dex:       It affects your dexterity (+4).
   rN:        It protects you from negative energy.
   Regen:     It increases your rate of health regeneration.
 i - a ring of willpower (left hand)
 B - a ring of fire
Wands
 m - a wand of flame (56)
 n - a wand of charming (12)
 s - a wand of polymorph (17)
 t - a wand of mindburst (5)
 y - a wand of iceblast (18)
Scrolls
 j - 2 scrolls of holy word
 z - 5 scrolls of identify
 A - a scroll of amnesia
Potions
 d - a potion of might
 e - 4 potions of flight
 l - 7 potions of curing
 o - 2 potions of cancellation
 q - a potion of resistance
 r - 4 potions of brilliance
 u - 3 potions of attraction
 v - a potion of magic
 x - 3 potions of lignification
 C - a potion of mutation {unknown}


   Skills:
 + Level 10.3 Fighting
 + Level 13.2 Maces & Flails
 - Level 5.0 Armour
 + Level 4.3 Dodging
 - Level 5.0 Shields
 + Level 5.7 Invocations
 + Level 4.7 Evocations


You had 11 spell levels left.
You didn't know any spells.
Your spell library contained the following spells:

 Spells                   Type           Power      Damage    Failure   Level
 Summon Small Mammal      Summ           0%         N/A       100%        1
 Blink                    Tloc           N/A        N/A       100%        2
 Passwall                 Tmut/Erth      0%         N/A       100%        2
 Wereblood                Tmut           0%         N/A       100%        2
 Call Canine Familiar     Summ           0%         N/A       100%        3
 Dazzling Flash           Conj/Hex       0%         N/A       100%        3
 Portal Projectile        Hex/Tloc       0%         N/A       100%        3
 Summon Guardian Golem    Hex/Summ       0%         N/A       100%        3
 Swiftness                Air            0%         N/A       100%        3
 Agony                    Necr           0%         N/A       100%        5
 Blade Hands              Tmut           0%         N/A       100%        5
 Excruciating Wounds      Necr           0%         N/A       100%        5
 Freezing Cloud           Conj/Ice/Air   0%         6-21      100%        5
 Manifold Assault         Tloc           0%         N/A       100%        5
 Silence                  Hex/Air        0%         N/A       100%        5
 Invisibility             Hex            0%         N/A       100%        6
 Simulacrum               Ice/Necr       0%         N/A       100%        6
 Storm Form               Tmut/Air       0%         N/A       100%        7
 Summon Hydra             Summ           0%         N/A       100%        7
 Polar Vortex             Ice            0%         N/A       100%        9
 Sublimation of Blood     Necr           Unusable   N/A       N/A         2

Dungeon Overview and Level Annotations

Branches:
Dungeon (11/15)            Temple (1/1) D:7            Lair (0/6) D:8
    Orc (0/2) D:9           IceCv (1/1)

Altars:
Dithmenos
Kikubaaqudgha
Nemelex Xobeh
Okawaru
Trog
Vehumet
Xom
Zin
The Shining One

Shops:
D:1 =*   D:5 [

Annotations:
IceCv exclusion: ice statue


Innate Abilities, Weirdness & Mutations

You are immune to sickness and miasma.
Your stone body is resilient. (AC +8)
You are immune to poison.
You resist negative energy. (rN+)
You are resistant to electric shocks. (rElec)
You are resistant to unholy torment.
You are immune to petrification.


Message History

The white ugly thing looks as sick as possible!
The white ugly thing is lightly wounded.
You block the white ugly thing's attack.
You closely miss the white ugly thing.
The white ugly thing is moderately wounded.
You block the white ugly thing's attack.
You hit the white ugly thing.
The white ugly thing looks as sick as possible!
The white ugly thing is moderately wounded.
You block the white ugly thing's attack.
You sock the white ugly thing!
The white ugly thing looks as sick as possible!
The white ugly thing is heavily wounded.
The white ugly thing kicks you but does no damage.
The white ugly thing kicks you. The white ugly thing freezes you!!
You closely miss the white ugly thing.
The white ugly thing is heavily wounded.
You block the white ugly thing's attack.
Your chain mail prevents you from hitting the white ugly thing.
The white ugly thing is heavily wounded.
The white ugly thing kicks you. The white ugly thing freezes you!!
* * * LOW HITPOINT WARNING * * *
You bludgeon the white ugly thing!!
The white ugly thing looks as sick as possible!
The white ugly thing is almost dead.
You kill the white ugly thing!
Okawaru accepts your kill.
You sock the elephant simulacrum!
The elephant simulacrum is moderately damaged.
You block the elephant simulacrum's attack. x2
You impale the elephant simulacrum!!
The elephant simulacrum vaporises!
Okawaru accepts your kill.
You hit the elephant simulacrum.
The elephant simulacrum is lightly damaged.
You block the elephant simulacrum's attack.
The elephant simulacrum trunk-slaps you.
* * * LOW HITPOINT WARNING * * *
The elephant simulacrum freezes you!!
You die...

#[[...$$#
#[.....)#
#......[#
#.......#
#.......#
##.....##
##...##
##Z##
##.@.##
##.....##
#...∩...#
#.......#
#.......#
#...∩...#
#.......#
#########


You could see an elephant simulacrum.

Vanquished Creatures
  A boulder beetle (D:11)
  4 two-headed ogres
  Maggie (D:6)
  An ugly thing (IceCv)
  A centaur zombie (D:10)
  A gargoyle (D:11)
  3 kobold demonologists
  Joseph (D:9)
  Psyche (D:10)
  An unseen horror (D:11)
  A hornet (D:9)
  6 yaks
  A dire elephant simulacrum (IceCv)
  A basilisk (D:11)
  Eustachio (D:4)
  Edmund (D:4)
  2 water moccasins
  An acid dragon (D:8)
  3 orc warriors
  A swamp drake (D:9)
  2 ogres
  4 sky beasts
  4 black bears
  An ice beast (D:5)
  3 necrophages (D:6)
  3 centaurs
  2 phantoms
  9 kobold brigands
  Blork the orc (D:4)
  3 bullfrogs
  A two-headed ogre simulacrum (D:11)
  A wyvern zombie (D:5)
  A water moccasin zombie (D:5)
  4 elephant simulacra (IceCv)
  10 killer bees
  11 wights (D:8)
  5 howler monkeys
  2 bullfrog zombies (D:7)
  2 centaur skeletons (D:7)
  4 hounds
  7 orc priests
  2 jellies
  5 iguanas
  10 orc wizards
  A spriggan simulacrum (D:11)
  2 troll simulacra (D:11)
  A killer bee zombie (D:8)
  A wolf simulacrum (IceCv)
  A hound zombie (D:5)
  A howler monkey skeleton (D:6)
  A howler monkey zombie (D:7)
  A naga simulacrum (D:11)
  12 adders
  A white imp (D:5)
  An ufetubus (D:5)
  An adder skeleton (D:5)
  2 worms
  4 dart slugs
  41 orcs
  7 ball pythons
  10 endoplasms
  5 giant cockroaches
  5 goblins
  10 hobgoblins
  2 jackals (D:5)
  29 kobolds
  4 quokkas
  5 bats
  5 frilled lizards
  8 rats
291 creatures vanquished.

Vanquished Creatures (collateral kills)
  A killer bee (D:7)
  2 wights (D:6)
  A centaur skeleton (D:6)
4 creatures vanquished.

Vanquished Creatures (others)
  A steam dragon (D:7)
  A killer bee (D:7)
  A wight (D:6)
  A kobold (D:10)
  49 fungi (D:8)
  42 plants (D:8)
95 creatures vanquished.

Grand Total: 390 creatures vanquished

Notes
Turn   | Place    | Note
-------+----------+-------------------------------------------
     0 | D:1      | inmateoo the Gargoyle Fighter began the quest for the Orb.
     0 | D:1      | Reached XP level 1. HP: 14/14 MP: 1/1
   392 | D:1      | Reached XP level 2. HP: 12/19 MP: 2/2
   633 | D:1      | Found Ifusoery's General Store.
   659 | D:1      | Reached skill level 3 in Maces & Flails
   659 | D:1      | Reached XP level 3. HP: 18/24 MP: 3/3
   753 | D:1      | Found Heqinop's Jewellery Shoppe.
  1205 | D:1      | Identified a scroll of acquirement
  1205 | D:1      | Acquired 958 gold pieces
  1294 | D:1      | Bought the amulet "Jankyh" {rN+ Regen+ Str+2 Int-5 Dex+4}
                  | for 476 gold pieces
  1301 | D:1      | Bought a ring of willpower for 275 gold pieces
  1509 | D:2      | Reached XP level 4. HP: 29/29 MP: 4/4
  1830 | D:3      | Reached skill level 4 in Maces & Flails
  1856 | D:3      | Reached XP level 5. HP: 34/34 MP: 5/5
  2197 | D:4      | Noticed Eustachio
  2351 | D:4      | Killed Eustachio
  2352 | D:4      | Reached skill level 5 in Fighting
  2352 | D:4      | Reached skill level 5 in Maces & Flails
  2352 | D:4      | Reached XP level 6. HP: 28/40 MP: 6/6
  2374 | D:4      | Noticed a sky beast
  2387 | D:4      | Killed a sky beast
  2408 | D:4      | Identified the +6 short sword "Axzaget" {protect, +Rage
                  | rF+}
  2531 | D:4      | Reached skill level 6 in Maces & Flails
  2531 | D:4      | Reached XP level 7. HP: 41/44 MP: 7/7
  2547 | D:4      | Noticed Blork the orc
  2551 | D:4      | Killed Blork the orc
  2815 | D:4      | Found a glowing silver altar of Zin.
  2975 | D:4      | Reached skill level 7 in Maces & Flails
  3037 | D:4      | Noticed Edmund
  3061 | D:4      | Killed Edmund
  3062 | D:4      | Reached XP level 8. HP: 41/52 MP: 8/8
  3332 | D:5      | Entered Level 5 of the Dungeon
  3420 | D:5      | Found Irhafoll's Armour Boutique.
  3456 | D:5      | Reached skill level 8 in Maces & Flails
  3760 | D:5      | Reached skill level 9 in Maces & Flails
  4071 | D:6      | Noticed Maggie
  4099 | D:6      | Killed Maggie
  4100 | D:6      | Reached XP level 9. HP: 54/59 MP: 9/9
  4144 | D:6      | Reached skill level 10 in Maces & Flails
  4164 | D:6      | You fall into a shaft and drop 3 floors!
  4228 | D:9      | Noticed Joseph
  4242 | D:9      | Killed Joseph
  4340 | D:9      | Noticed a two-headed ogre
  4347 | D:9      | Killed a two-headed ogre
  4348 | D:9      | Reached skill level 11 in Maces & Flails
  4421 | D:8      | Reached XP level 10. HP: 62/64 MP: 10/10
  4430 | D:7      | Reached skill level 12 in Maces & Flails
  4551 | D:7      | Found an ancient bone altar of Kikubaaqudgha.
  5403 | D:7      | Found a staircase to the Ecumenical Temple.
  5648 | Temple   | Entered the Ecumenical Temple
  5666 | Temple   | Became a worshipper of Warmaster Okawaru
  6113 | D:8      | Reached skill level 1 in Invocations
  6114 | D:8      | Noticed a kobold demonologist
  6119 | D:8      | Reached skill level 1 in Evocations
  6129 | D:8      | HP: 3/65 [yak (6)]
  6134 | D:8      | Killed a kobold demonologist
  6134 | D:8      | Reached * piety under Okawaru
  6135 | D:8      | Reached skill level 1 in Dodging
  6148 | D:8      | Reached skill level 5 in Shields
  6153 | D:8      | Reached skill level 5 in Armour
  6219 | D:8      | Found a staircase to the Lair.
  6237 | D:7      | Reached XP level 11. HP: 71/71 MP: 13/13
  6321 | D:8      | Reached ** piety under Okawaru
  6885 | D:9      | Found a staircase to the Orcish Mines.
  7080 | D:10     | Entered Level 10 of the Dungeon
  7169 | D:10     | Noticed Psyche
  7178 | D:10     | Killed Psyche
  7319 | D:10     | Noticed a sixfirhy
  7407 | D:10     | Noticed a two-headed ogre
  7412 | D:10     | Killed a two-headed ogre
  7412 | D:10     | Reached *** piety under Okawaru
  7438 | D:10     | Noticed a two-headed ogre
  7444 | D:10     | Killed a two-headed ogre
  7623 | D:10     | Noticed a two-headed ogre
  7629 | D:10     | Killed a two-headed ogre
  7630 | D:10     | Reached skill level 10 in Fighting
  7630 | D:10     | Reached skill level 13 in Maces & Flails
  7630 | D:10     | Reached skill level 5 in Invocations
  7900 | D:11     | Noticed a boulder beetle
  7905 | D:11     | Reached **** piety under Okawaru
  8121 | D:11     | Killed a boulder beetle
  8122 | D:11     | Reached XP level 12. HP: 40/77 MP: 14/16
  8231 | D:11     | Found a frozen archway.
  8287 | IceCv    | Entered an ice cave
  8367 | IceCv    | Mangled by an elephant simulacrum

Illustrated notes

Levels and vault maps discovered:
D:1:      dpeg_arrival_line_fractal, layout_basic, serial_shops,
          nicolae_shop_waterfront, shop
D:2:      layout_rooms
D:3:      layout_rooms
D:4:      layout_loops_corners, nicolae_overflow_crystal_walls, uniq_eustachio,
          uniq_edmund, uniq_blork_the_orc
D:5:      layout_rooms, serial_shops, nicolae_take_the_stairs,
          minmay_starry_boxes
D:6:      layout_basic, st_stairs_4, hangedman_decor_peaks_small, uniq_maggie
D:7:      layout_basic, lemuel_crystal_altar, lemuel_temple_firewalk_a
D:8:      layout_rooms, due_lair_maze_entry_diamond, special_room
          [special_room_kobold]
D:9:      layout_basic, erik_orc_1, minmay_liquid_box, minivault_10, uniq_joseph
D:10:     layout_rooms, uniq_psyche
D:11:     layout_cave_pods, portal_ice_cave_entry_ice_simulacra,
          doesnt_xom_only_xom
Temple:   regret_index_temple_chain_breaker
IceCv:    ice_cave_statue_garden_chambered

Skill      XL: |  1  2  3  4  5  6  7  8  9 10 11 |
---------------+----------------------------------+-----
Maces & Flails | 3 4 5 6 7 9 11 12 13 | 13.2
Fighting       | 4 5 6 8 9 10 | 10.3
Shields        | 5 |  5.0
Armour         | 5 |  5.0
Invocations    | 2 5 |  5.7
Evocations     | 2 4 |  4.7
Dodging        | 2 4 |  4.3

Action                   |  1- 3 |  4- 6 |  7- 9 | 10-12 || total
-------------------------+-------+-------+-------+-------++-------
Melee: Flail             |   189 |   117 |   209 |       ||   515
       Morningstar       |       |       |    47 |   435 ||   482
Evoke: Wand              |       |       |     5 |     3 ||     8
  Use: Scroll            |     5 |     3 |     8 |     6 ||    22
       Potion            |       |       |     1 |     2 ||     3
 Stab: Betrayed ally     |       |       |     1 |       ||     1
Armor: Chain mail        |   194 |    82 |   168 |   326 ||   770
       Scale mail        |     1 |       |       |       ||     1
Dodge: Dodged            |    62 |    17 |    57 |   121 ||   257
Block: Kite shield       |   153 |    50 |   142 |   306 ||   651
